 Dungeon Crawl Stone Soup version 0.25-a0-410-g53dbb631d1 (webtiles) character file.

Game seed: 6338451695003700663, levelgen mode: deterministic

39 Alfie the Cutter (level 3, 0/29 HPs)
             Began as a Human Berserker on Jan 13, 2020.
             Was a Believer of Trog.
             Slain by a gnoll
             ... wielding a +2 flail of protection
              (7 damage)
             ... on level 1 of the Dungeon.
             The game lasted 00:03:23 (1246 turns).

Alfie the Cutter (Human Berserker)                  Turns: 1246, Time: 00:03:24

Health: 0/29       AC:  2    Str: 18    XL:     3   Next: 67%
Magic:  3/3        EV: 12    Int:  7    God:    Trog [**....]
Gold:   11         SH:  0    Dex: 12    Spells: 2/2 levels left

rFire    . . .     SeeInvis .   a - +1 short sword
rCold    . . .     Gourm    .   (no shield)
rNeg     . . .     Faith    .   b - +0 animal skin
rPois    .         Spirit   .   (no helmet)
rElec    .         Reflect  .   (no cloak)
rCorr    .         Harm     .   (no gloves)
MR       .....                  (no boots)
Stlth    +.........             (no amulet)
HPRegen  0.09/turn              (no ring)
MPRegen  0.08/turn              (no ring)

@: no status effects
A: no striking features
a: Berserk, Trog's Hand, Renounce Religion


You were on level 1 of the Dungeon.
You worshipped Trog.
Trog was pleased with you.
You were not hungry.

You visited 1 branch of the dungeon, and saw 2 of its levels.

You collected 11 gold pieces.

Inventory:

Hand Weapons
 a - a +1 short sword (weapon)
Missiles
 d - 30 arrows
Armour
 b - a +0 animal skin (worn)
 g - a cursed +0 ring mail
Scrolls
 f - a scroll of identify


   Skills:
 + Level 3.5 Fighting
 + Level 3.7 Short Blades
 + Level 2.1 Armour
 + Level 2.2 Dodging
 + Level 0.1 Stealth


You had 2 spell levels left.
You didn't know any spells.
Your spell library was empty.

Dungeon Overview and Level Annotations

Branches:
Dungeon (2/15)

Altars:


Message History

As you read the scroll labeled HON QAASIQY, it crumbles to dust.
It is a scroll of enchant weapon.
Your +0 short sword glows red for a moment.
You see here a +0 whip.
There is a stone staircase leading down here.
You climb downwards.
A gnoll comes into view. It is wielding a +2 spear of freezing.
The gnoll barely misses you.
The gnoll hits you with a +2 flail of protection.
There is a stone staircase leading up here.
You climb upwards.
There is a stone staircase leading down here.
You hit the gnoll.
The gnoll is lightly wounded.
The gnoll hits you with a +2 flail of protection!
* * * LOW HITPOINT WARNING * * *
You hit the gnoll.
The gnoll is moderately wounded.
The gnoll hits you with a +2 flail of protection!
You die...

#.################ #.##
#................# #...
#.##############.# #.#. #.#
#.# #.#. ####.########### #.#
#.#. #..............####.#
#)#. ####.##.#####.....##...#
#)#.
#........(....g.#.##.######(#.
##.#.#......)@................
#.#.##........##.##.####.#.#.
#.#.##.####...#........#.#.#.
#.#....# #...#..##.##.....#.
#.#########...#..#.....#.###.
#.............#..#.#.#.#.....
#####..........#..#.#.#.#####.
#.....########..............).
##.#####.........###########)#


You could see a gnoll.

Vanquished Creatures
  A gnoll (D:1)
  An ooze (D:1)
  A leopard gecko (D:1)
  A ball python (D:1)
  4 bats (D:1)
  2 giant cockroaches (D:1)
  3 goblins (D:1)
  4 hobgoblins (D:1)
  2 frilled lizards (D:1)
  4 kobolds (D:1)
23 creatures vanquished.

Notes
Turn   | Place    | Note
-------+----------+-------------------------------------------
     0 | D:1      | Alfie the Human Berserker began the quest for the Orb.
     0 | D:1      | Reached XP level 1. HP: 18/18 MP: 1/1
    65 | D:1      | Reached XP level 2. HP: 7/24 MP: 2/2
   529 | D:1      | Reached XP level 3. HP: 27/29 MP: 3/3
   766 | D:1      | Reached ** piety under Trog
  1040 | D:1      | HP: 1/29 [gnoll/+0 whip (9)]
  1246 | D:1      | Slain by a gnoll

Levels and vault maps discovered:
D:1:      psy_arrival_conway, layout_basic, dk_noncrumbling_2
D:2:      layout_basic, grunt_ashenzari_visionary
          [grunt_ashenzari_visionary_swamp, grunt_ashenzari_visionary_spider]

Action                   || total
-------------------------++-------
Melee: Short sword       ||    78
  Use: Scroll            ||     2
 Stab: Sleeping          ||     1
  Eat: Ration            ||     1
Armor: Animal skin       ||    14
Dodge: Dodged            ||    42

Table legend:
 A = Non-vault XP
 B = Vault XP
 C = Vault XP percentage of total XP
 D = Non-vault monster count
 E = Vault monster count
 F = Vault count percentage of total count
                 A         B        C        D         E       F
            +---------+---------+-------+---------+---------+-------
      Total |      56 |       0 |   0.0 |      23 |       0 |   0.0
            +---------+---------+-------+---------+---------+-------
        D:1 |      56 |       0 |   0.0 |      23 |       0 |   0.0
            +---------+---------+-------+---------+---------+-------
